 Dungeon Crawl Stone Soup version 0.27-a0-1200-g94dc6ad4cf (webtiles) character file.

Game seed: 5990194949973071564

1890 Gargoyl the Skirmisher (level 9, 0/73 HPs)
             Began as a Gnoll Abyssal Knight on May 30, 2021.
             Was a Priest of Lugonu.
             Slain by an orc warrior
             ... wielding a +0 dire flail
              (10 damage)
             ... on level 7 of the Dungeon.
             The game lasted 00:09:59 (7354 turns).

Gargoyl the Skirmisher (Gnoll Abyssal Knight)       Turns: 7354, Time: 00:09:59

Health: 0/73       AC: 17    Str: 14    XL:     9   Next: 15%
Magic:  14/14      EV:  5    Int: 18    God:    Lugonu [***...]
Gold:   1039       SH:  5    Dex: 14    Spells: 15/15 levels left

rFire    . . .     SeeInvis .   o - +1 hand axe (elec)
rCold    + . .     Faith    .   (no shield)
rNeg     . . .     Spirit   .   b - +0 plate armour
rPois    .         Reflect  +   (no helmet)
rElec    .         Harm     .   g - +2 cloak
rCorr    .         Rampage  .   e - +0 pair of gloves
Will     .....                  (no boots)
Stlth    ..........             f - amulet of reflection
HPRegen  0.22/turn              c - +6 ring of intelligence
MPRegen  0.14/turn              (no ring)

@: no status effects
A: fangs 1, strong nose, distributed training, agile 1, cold resistance 1
a: Renounce Religion, Depart the Abyss, Bend Space, Banish


You were on level 7 of the Dungeon.
You worshipped Lugonu.
Lugonu was most pleased with you.
You visited 1 branch of the dungeon, and saw 7 of its levels.
You visited the Abyss 1 time.

You collected 1039 gold pieces.

Inventory:

Hand Weapons
 a - a +1 hand axe
 o - a +1 hand axe of electrocution (weapon)
Missiles
 k - 5 curare-tipped darts (quivered)
 p - 23 poisoned darts
Armour
 b - a +0 plate armour (worn)
 e - a +0 pair of gloves (worn)
 g - a +2 cloak (worn)
Jewellery
 c - a +6 ring of intelligence (left hand)
 f - an amulet of reflection (around neck)
 q - a +6 ring of intelligence
Wands
 l - a wand of polymorph (18)
 u - a wand of flame (42)
Scrolls
 d - a scroll of identify
 n - a scroll of fear
 r - 3 scrolls of teleportation
Potions
 i - a potion of berserk rage
 j - a potion of resistance
 m - 3 potions of lignification
 t - a potion of heal wounds


   Skills:
 + Level 7.7 Fighting
 + Level 3.9 Short Blades
 + Level 3.9 Long Blades
 + Level 6.1 Axes
 + Level 3.9 Maces & Flails
 + Level 3.9 Polearms
 + Level 3.9 Staves
 + Level 3.9 Slings
 + Level 3.9 Bows
 + Level 3.9 Crossbows
 + Level 3.9 Throwing
 + Level 6.1 Armour
 + Level 4.8 Dodging
 + Level 3.9 Stealth
 + Level 3.9 Shields
 + Level 3.9 Unarmed Combat
 + Level 3.9 Spellcasting
 + Level 3.2 Conjurations
 + Level 3.2 Hexes
 + Level 3.2 Summonings
 + Level 3.2 Necromancy
 + Level 3.2 Translocations
 + Level 3.2 Transmutations
 + Level 3.2 Fire Magic
 + Level 3.2 Ice Magic
 + Level 3.2 Air Magic
 + Level 3.2 Earth Magic
 + Level 3.2 Poison Magic
 + Level 6.4 Invocations
 + Level 3.9 Evocations


You had 15 spell levels left.
You didn't know any spells.
Your spell library contained the following spells:

 Spells                   Type           Power      Damage    Failure   Level
 Animate Skeleton         Necr           30%        N/A       95%         1
 Apportation              Tloc           30%        N/A       95%         1
 Corona                   Hex            16%        N/A       95%         1
 Magic Dart               Conj           60%        1d6       95%         1
 Pain                     Necr           60%        1d7       95%         1
 Summon Small Mammal      Summ           60%        N/A       95%         1
 Ensorcelled Hibernation  Hex/Ice        30%        N/A       99%         2
 Searing Ray              Conj           30%        3d4       99%         2
 Dazzling Flash           Conj/Hex       30%        N/A       100%        3
 Vampiric Draining        Necr           7%         2d7       100%        3
 Animate Armour           Summ/Erth      30%        N/A       100%        4
 Animate Dead             Necr           7%         N/A       100%        4
 Fulminant Prism          Conj/Hex       7%         3d7       100%        4
 Iskenderun's Mystic Bla  Conj/Tloc      15%        2d5       100%        4
 Agony                    Necr           15%        N/A       100%        5
 Borgnjor's Vile Clutch   Necr/Erth      7%         N/A       100%        5
 Silence                  Hex/Air        7%         N/A       100%        5
 Shadow Creatures         Summ           N/A        N/A       100%        6


Dungeon Overview and Level Annotations

Branches:
Dungeon (7/15)             Temple (0/1) D:7

Altars:
Cheibriados
Dithmenos
Ru
Trog
Uskayaw
Wu Jian
Xom
Zin
The Shining One

Shops:
D:1 :


Innate Abilities, Weirdness & Mutations

You have very sharp teeth.
Your uncanny sense of smell can sniff out nearby items.
Your experience applies equally to all skills.
You are agile. (Dex +2)
Your flesh is cold resistant. (rC+)


Message History

Unknown command.
You hit the orc but do no damage. You hit the orc warrior.
The orc warrior hits you with a +0 dire flail.
The orc hits you but does no damage.
Unknown command.
Your plate armour prevents you from hitting the orc.
You bite the orc.
The orc is lightly wounded.
You hit the orc warrior but do no damage.
The orc warrior hits you but does no damage.
You barely miss the orc. Your bite misses the orc. You hit the orc. x2
You hit the orc warrior but do no damage.
The orc warrior hits you with a +0 dire flail!
The orc hits you but does no damage. x2; The orc barely misses you.
Unknown command.
You hit the orc. Lightning courses through the orc!
You kill the orc!
Lugonu accepts your kill.
You closely miss the orc. x2; You hit the orc warrior.
The orc warrior hits you with a +0 dire flail!
The orc completely misses you. You block the orc's attack.
Unknown command.
You block the orc warrior's attack. You block the orc's attack.
The orc hits you but does no damage.
Things that are here:
a +0 club; 22 stones; 2 scrolls of teleportation The orc warrior hits you with a +0 dire flail!
* * * LOW HITPOINT WARNING * * *
Found a black potion.
Unknown command.
The orc warrior hits you but does no damage.
The orc hits you but does no damage.
Unknown command.
The orc warrior hits you with a +0 dire flail.
* * * LOW HITPOINT WARNING * * *
Unknown command.
The orc barely misses you.
Unknown command.
The orc warrior hits you with a +0 dire flail!
You die...

,,,,,,*#.........**##.,,,,,,,,*,,
,,,,**#....#**...**..,,,,,,,,>,*,
######.....# *#..##.#*********,,,
...<.....##***#.....* **,,
......#####..*#.#..### **##****,
.....#.#**,#.##.?....####...,,,,,
.....##.#,*#.....o.#..!.#.....,,,
...###*...####...o..###.......,,,
##...,,,....!...@o.)##.......,,,,
#.###*,..####.........#*#.###,,,
#.# *#,*.##...........#8...8#,,,
##.*##.***,#.##.)))##..#.....#,,*
...##.#####..*##.)).......8...,,*
*#........##**#.<......#.....*^,*
**#....#######.)......#8..=8*,,,
#####............###.###*#.##***,
......#######....#.....#,,∆..*,,,


You could see an orc warrior and 2 orcs.

Vanquished Creatures
  Pikel (D:6)
  Edmund (D:4)
  A water moccasin (D:5)
  A black bear (D:6)
  An ogre (D:6)
  4 lemures (D:6)
  A kobold brigand (D:7)
  3 scorpions
  A water moccasin zombie (D:6)
  A centaur zombie (D:4)
  2 bullfrog zombies
  2 jellies
  An orc priest (D:6)
  Crazy Yiuf (D:3)
  A centaur skeleton (D:5)
  4 hounds
  2 orc wizards
  Natasha (thrice) (D:3)
  2 iguanas (D:6)
  A howler monkey skeleton (D:6)
  10 adders
  An adder zombie (D:5)
  An adder skeleton (D:5)
  3 worms (D:2)
  13 orcs
  3 endoplasms
  4 giant cockroaches
  9 goblins
  7 hobgoblins
  7 jackals
  8 kobolds
  3 quokkas
  6 ball pythons
  9 bats
  2 frilled lizards (D:1)
  9 rats
129 creatures vanquished.

Vanquished Creatures (others)
  2 starspawn tentacles (Abyss:2)
2 creatures vanquished.

Grand Total: 131 creatures vanquished

Notes
Turn   | Place    | Note
-------+----------+-------------------------------------------
     0 | Abyss:1  | Gargoyl the Gnoll Abyssal Knight began the quest for the
                  | Orb.
     0 | Abyss:1  | Reached XP level 1. HP: 23/23 MP: 3/3
    66 | Abyss:1  | Noticed a hellwing
    66 | Abyss:1  | Noticed a wretched star
    69 | Abyss:1  | Noticed a large abomination
   126 | Abyss:2  | Noticed a tentacled starspawn
   136 | Abyss:2  | Noticed a quasit
   176 | Abyss:3  | Noticed a small abomination
   213 | Abyss:3  | Noticed a large abomination
   227 | Abyss:5  | Entered Level 5 of the Abyss
   249 | Abyss:5  | Found a shimmering blue altar of Sif Muna.
   249 | Abyss:5  | Found a glowing silver altar of Zin.
   256 | Abyss:5  | Noticed a ynoxinul
   261 | D:1      | Escaped the Abyss
   338 | D:1      | Reached XP level 2. HP: 24/29 MP: 5/5
   341 | D:1      | Reached * piety under Lugonu
   528 | D:1      | Found Zoutouq's Book Shoppe.
   980 | D:2      | Reached XP level 3. HP: 31/35 MP: 6/6
  1281 | D:2      | Reached ** piety under Lugonu
  1570 | D:2      | Found a faded altar of an unknown god.
  1654 | D:2      | Reached skill level 1 in Short Blades
  1654 | D:2      | Reached skill level 1 in Long Blades
  1654 | D:2      | Reached skill level 1 in Maces & Flails
  1654 | D:2      | Reached skill level 1 in Polearms
  1654 | D:2      | Reached skill level 1 in Staves
  1654 | D:2      | Reached skill level 1 in Slings
  1654 | D:2      | Reached skill level 1 in Bows
  1654 | D:2      | Reached skill level 1 in Crossbows
  1654 | D:2      | Reached skill level 1 in Throwing
  1654 | D:2      | Reached skill level 1 in Stealth
  1654 | D:2      | Reached skill level 1 in Shields
  1654 | D:2      | Reached skill level 1 in Unarmed Combat
  1654 | D:2      | Reached skill level 1 in Spellcasting
  1654 | D:2      | Reached skill level 1 in Evocations
  1817 | D:2      | Reached XP level 4. HP: 40/41 MP: 7/7
  2188 | D:3      | Identified a scroll of acquirement
  2188 | D:3      | Acquired 675 gold pieces
  2204 | D:3      | Gained mutation: You are partially covered in large bone
                  | plates. (SH +4) [potion of mutation]
  2204 | D:3      | Gained mutation: You are occasionally teleported next to
                  | monsters. [potion of mutation]
  2205 | D:3      | Lost mutation: You are partially covered in large bone
                  | plates. (SH +4) [potion of mutation]
  2205 | D:3      | Lost mutation: You are occasionally teleported next to
                  | monsters. [potion of mutation]
  2205 | D:3      | Gained mutation: Your flesh is cold resistant. (rC+)
                  | [potion of mutation]
  2205 | D:3      | Gained mutation: You are agile. (Dex +2) [potion of
                  | mutation]
  2345 | D:3      | Found a hide-covered altar of Uskayaw.
  2452 | D:3      | Found a glowing golden altar of the Shining One.
  2470 | D:3      | Reached skill level 1 in Conjurations
  2470 | D:3      | Reached skill level 1 in Hexes
  2470 | D:3      | Reached skill level 1 in Summonings
  2470 | D:3      | Reached skill level 1 in Necromancy
  2470 | D:3      | Reached skill level 1 in Translocations
  2470 | D:3      | Reached skill level 1 in Transmutations
  2470 | D:3      | Reached skill level 1 in Fire Magic
  2470 | D:3      | Reached skill level 1 in Ice Magic
  2470 | D:3      | Reached skill level 1 in Air Magic
  2470 | D:3      | Reached skill level 1 in Earth Magic
  2470 | D:3      | Reached skill level 1 in Poison Magic
  2559 | D:3      | Found a bloodstained altar of Trog.
  2667 | D:3      | Noticed Natasha
  2676 | D:3      | Killed Natasha
  2677 | D:3      | Reached XP level 5. HP: 46/47 MP: 8/8
  2840 | D:3      | Found a runed translucent door.
  2841 | D:3      | Noticed Crazy Yiuf
  2967 | D:3      | Noticed Natasha
  2979 | D:3      | Killed Natasha
  3178 | D:3      | Noticed Natasha
  3182 | D:3      | Killed Natasha
  3202 | D:3      | Killed Crazy Yiuf
  3537 | D:4      | Reached skill level 5 in Invocations
  3537 | D:4      | Reached XP level 6. HP: 51/53 MP: 9/9
  3600 | D:4      | Noticed Edmund
  3608 | D:4      | Killed Edmund
  3609 | D:4      | Reached skill level 5 in Axes
  3609 | D:4      | Reached skill level 5 in Armour
  3768 | D:4      | Found a glowing silver altar of Zin.
  3975 | D:4      | Found an ornate altar of the Wu Jian Council.
  4047 | D:4      | Reached *** piety under Lugonu
  4138 | D:4      | Reached XP level 7. HP: 55/59 MP: 10/10
  4325 | D:5      | Entered Level 5 of the Dungeon
  4331 | D:5      | Reached skill level 7 in Fighting
  4576 | D:5      | Found a shadowy altar of Dithmenos.
  4679 | D:5      | Found a shimmering altar of Xom.
  4683 | D:5      | Found a shimmering altar of Xom.
  4683 | D:5      | Found a shimmering altar of Xom.
  4685 | D:5      | Found a shimmering altar of Xom.
  5385 | D:5      | Reached XP level 8. HP: 48/67 MP: 12/12
  5695 | D:6      | Found a snail-covered altar of Cheibriados.
  5917 | D:6      | Noticed Pikel
  6359 | D:6      | Killed Pikel
  6852 | D:6      | Reached XP level 9. HP: 72/73 MP: 14/14
  7165 | D:7      | Found a sacrificial altar of Ru.
  7354 | D:7      | Slain by an orc warrior

Illustrated notes

Levels and vault maps discovered:
D:1:      minmay_arrival_nine_rooms, layout_rooms, serial_shops,
          nicolae_shop_waterfront
D:2:      layout_loops_corners, shapermc_ecumenical_altar_totnotflames
D:3:      layout_basic, trog_book, eat_drink_and_be_merry_uskayaw,
          old_standard_altar, nrook_mini_vaults, uniq_natasha,
          uniq_crazy_yiuf_cottage
D:4:      layout_loops_cross, zin_scriptorium, nzn_wu_jian_contemplation,
          uniq_edmund
D:5:      layout_basic, old_standard_altar, xom_redecorated,
          palyth_stone_intersect, water_maze_lemuel
D:6:      layout_gridville, kennysheep_mini_moat, uniq_pikel
D:7:      layout_rooms, nicolae_ru_sacrificial_ziggurat,
          minmay_temple_entry_offerings, hex_intersection, kennysheep_donut,
          minmay_chambers_of_fives, uniq_harold

Skill      XL: |  1  2  3  4  5  6  7  8 |
---------------+-------------------------+-----
Short Blades   | 1 2 3 |  3.9
Long Blades    | 1 2 3 |  3.9
Maces & Flails | 1 2 3 |  3.9
Polearms       | 1 2 3 |  3.9
Staves         | 1 2 3 |  3.9
Slings         | 1 2 3 |  3.9
Bows           | 1 2 3 |  3.9
Crossbows      | 1 2 3 |  3.9
Throwing       | 1 2 3 |  3.9
Stealth        | 1 2 3 |  3.9
Shields        | 1 2 3 |  3.9
Unarmed Combat | 1 2 3 |  3.9
Spellcasting   | 1 2 3 |  3.9
Evocations     | 1 2 3 |  3.9
Conjurations   | 1 2 3 |  3.2
Hexes          | 1 2 3 |  3.2
Summonings     | 1 2 3 |  3.2
Necromancy     | 1 2 3 |  3.2
Translocations | 1 2 3 |  3.2
Transmutations | 1 2 3 |  3.2
Fire Magic     | 1 2 3 |  3.2
Ice Magic      | 1 2 3 |  3.2
Air Magic      | 1 2 3 |  3.2
Earth Magic    | 1 2 3 |  3.2
Poison Magic   | 1 2 3 |  3.2
Dodging        | 3 4 |  4.8
Invocations    | 5 6 |  6.4
Axes           | 5 6 |  6.1
Armour         | 5 6 |  6.1
Fighting       | 7 |  7.7

Action                   |  1- 3 |  4- 6 |  7- 9 || total
-------------------------+-------+-------+-------++-------
Melee: Hand axe          |   134 |   137 |   178 ||   449
       Bite              |     9 |     7 |    20 ||    36
       Punch             |       |     1 |       ||     1
       Unarmed           |       |       |     4 ||     4
Invok: Depart the Abyss  |     1 |       |       ||     1
  Use: Scroll            |     1 |     8 |    13 ||    22
       Potion            |       |     2 |     1 ||     3
 Stab: Sleeping          |       |     1 |       ||     1
Armor: Leather armour    |    45 |    32 |       ||    77
       Plate armour      |       |    32 |   104 ||   136
       Scale mail        |       |     1 |       ||     1
       Skin              |       |       |     9 ||     9
Dodge: Dodged            |    79 |    76 |    53 ||   208
Block: Other             |    19 |    38 |    41 ||    98

Table legend: (Time is in decaauts)
 A = Elapsed time spent in this place.
 B = Non-inter-level travel time spent in this place.
 C = Inter-level travel time spent in this place.
 D = Time resting spent in this place.
 E = Time spent auto-exploring this place.
 F = Levels seen in this place.
 G = Mean time per level.
                   A        B        C        D        E       F      G
               +--------+--------+--------+--------+--------+-----+--------+
         Total |   7363 |   7172 |    191 |    349 |   5465 |  12 |  613.6 |
       Dungeon |   7103 |   6912 |    191 |    349 |   5327 |   7 | 1014.7 |
         Abyss |    260 |    260 |      0 |      0 |    138 |   5 |   52.0 |
               +--------+--------+--------+--------+--------+-----+--------+

Top non-repeatable levels by time:
     D:5: 1566 daAuts
     D:3: 1287 daAuts
     D:6: 1232 daAuts
     D:2: 1214 daAuts
     D:4: 867 daAuts
     D:1: 714 daAuts
     D:7: 220 daAuts
 Abyss:1: 94 daAuts
 Abyss:3: 73 daAuts
 Abyss:2: 51 daAuts
 Abyss:5: 33 daAuts
 Abyss:4: 6 daAuts
